AoeStats
← lbaquino21

Hideout

509957350Analyzed
1v1 RM · 3d ago on Sep 28, 2026· 59m 15s· 2 players
Game mode
Random Map
Map size
Tiny (2 player)
Population
200
Speed
Normal
Resources
Standard
Victory
Conquest
Starting age
Dark Age
Ending age
Imperial Age
RankedLock teamsTeams togetherTeam positionsShared explorationLock speedFull tech treeHidden civsTurbo modeCheats
Victory
Defeat
🇪🇸 Britons · Spain
493
+19
🇧🇷 Varangians · Brazil
569
-27
fornies03
3:10 Loom
15:04 Feudal Age
17:35 Wheelbarrow
16:45 Town Watch
16:41 Horse Collar
16:53 Gold Mining
16:50 Double-Bit Axe
16:56 Stone Mining
19:15 Man-at-Arms
19:42 Arson
25:00 Castle Age
24:54 Forging
24:44 Scale Mail Armor
24:35 Fletching
24:45 Padded Archer Armor
27:06 Bow Saw
27:07 Heavy Plow
27:44 Gold Shaft Mining
27:06 Bodkin Arrow
27:27 Chain Mail Armor
27:47 Iron Casting
27:32 Hand Cart
27:35 Squires
28:36 Town Patrol
28:26 Gambesons
29:46 Long Swordsman
29:46 Pikeman
30:02 Long Swordsman
32:21 Leather Archer Armor
33:18 Ballistics
32:48 Guard Tower
33:08 Fortified Wall
32:49 Heated Shot
32:55 Guard Tower
33:15 Fortified Wall
33:00 Murder Holes
33:36 Elite Skirmisher
33:36 Crossbowman
37:57 Treadmill Crane
38:28 Masonry
40:56 Yeomen
47:34 Imperial Age
49:11 Hoardings
49:39 Conscription
49:21 Warwolf
49:19 Arrowslits
50:10 Keep
50:05 Architecture
49:41 Siege Engineers
50:37 Chemistry
50:16 Keep
49:46 Siege Engineers
50:12 Architecture
50:54 Arbalester
51:41 Bracer
52:11 Ring Archer Armor
52:42 Blast Furnace
52:12 Plate Mail Armor
52:22 Ring Archer Armor
52:52 Blast Furnace
53:19 Halberdier
56:49 Elite Longbowman
lbaquino21
6:04 Loom
11:36 Feudal Age
12:09 Double-Bit Axe
12:08 Horse Collar
15:25 Scale Barding Armor
15:32 Forging
14:48 Man-at-Arms
16:18 Wheelbarrow
21:57 Castle Age
24:04 Hand Cart
30:55 Vendel Legacy
39:35 Imperial Age
37:36 Gold Mining
37:37 Stone Mining
41:47 Onager
41:57 Gothikon
42:59 Conscription
54:43 Elite Jarl
Connection lost

Rejoining the realm…

Still unreachable

The connection could not be restored.

Session expired

The server has moved on; the page needs a fresh start.